 Dungeon Crawl Stone Soup version 0.20.1-1-g8b1a95d (webtiles) character file.

7 equalderp2856 the Magician (level 1, -4/9 HPs)
             Began as a Spriggan Wizard on Aug 19, 2017.
             Was a Follower of Elyvilon.
             Killed from afar by equalderp2856's ghost (10 damage)
             ... with a magic dart
             ... on level 5 of the Dungeon.
             The game lasted 00:24:14 (5802 turns).

equalderp2856 the Magician (Spriggan Wizard)        Turns: 5802, Time: 00:24:15

Health: -4/9       AC:  2    Str:  3    XL:     1   Next: 91%
Magic:  6/6        EV: 18    Int: 19    God:    Elyvilon [*.....]
Gold:   147        SH:  0    Dex: 14    Spells: 7/8 levels left

rFire    . . .     SeeInvis +   (weapon restricted)
rCold    . . .     Gourm    .   (shield restricted)
rNeg     . . .     Faith    .   a - +0 robe
rPois    .         Spirit   .   b - +0 hat
rElec    .         Reflect  .   i - scarf {cloud immunity}
rCorr    .         Harm     .   (gloves unavailable)
MR       .....                  (boots unavailable)
Stlth    ++........             (no amulet)
Regen    0.1/turn               (no ring)
MPRegen  0.1/turn               (no ring)

@: very quick
A: unfitting armour, see invisible, herbivore 3, speed 3, slow metabolism 2
a: Lesser Healing, Divine Protection, Renounce Religion


You were on level 5 of the Dungeon.
You worshipped Elyvilon.
Elyvilon was aware of your devotion.
You were near starving.

You visited 2 branches of the dungeon, and saw 7 of its levels.

You collected 147 gold pieces.

Inventory:

Armour
 a - a +0 robe (worn)
 b - a +0 hat (worn)
 i - a scarf of cloud immunity (worn)
Jewellery
 l - a +5 ring of intelligence {unknown}
Scrolls
 m - a scroll of teleportation {unknown}
 o - a scroll of identify
Potions
 e - a potion of mutation
 g - 4 potions of curing
 h - a potion of heal wounds
 j - a potion of haste {unknown}
 k - a potion of invisibility {unknown}
Books
 c - a book of Minor Magic

   Spells                             Type                      Level
   a - Magic Dart                     Conjuration                  1
   b - Blink                          Translocation                2
   c - Call Imp                       Summoning                    2
   d - Slow                           Hexes                        2
   e - Conjure Flame                  Conjuration/Fire             3
   f - Mephitic Cloud                 Conjuration/Poison/Air       3
 n - a book of Callings

   Spells                             Type                      Level
   a - Summon Small Mammal            Summoning                    1
   b - Call Imp                       Summoning                    2
   c - Call Canine Familiar           Summoning                    3
   d - Summon Guardian Golem          Hexes/Summoning              3
   e - Summon Lightning Spire         Summoning/Air                4
   f - Summon Ice Beast               Ice/Summoning                4
 p - a book of Geomancy

   Spells                             Type                      Level
   a - Sandblast                      Earth                        1
   b - Passwall                       Transmutation/Earth          2
   c - Stone Arrow                    Conjuration/Earth            3
   d - Petrify                        Transmutation/Earth          4
   e - Lee's Rapid Deconstruction     Earth                        5
Comestibles
 d - 3 bread rations
 f - 2 fruits


   Skills:
 + Level 3.4 Dodging
 + Level 3.3 Stealth
 + Level 4.1 Spellcasting
 + Level 0.6 Conjurations
   Level 0.7 Summonings
   Level 1.5 Translocations
 + Level 0.4 Invocations


You had 7 spell levels left.
You knew the following spells:

 Your Spells              Type           Power        Failure   Level  Hunger
a - Magic Dart            Conj           #...         11%         1    None


Dungeon Overview and Level Annotations

Branches:
Dungeon (6/15)             Temple (1/1) D:6

Altars:
Ashenzari
Cheibriados
Elyvilon
Fedhas
Gozag
Hepliaklqana
Kikubaaqudgha
Makhleb
Nemelex Xobeh
Okawaru
Qazlal
Ru
Sif Muna
Trog
Uskayaw
Vehumet
Xom
Yredelemnul
Zin
The Shining One

Annotations:
D:2 Jessica
D:4 tidbits's ghost, amateur DgTm
D:5 Dowan; Duvessa; Eustachio; Sigmund; equalderp2856's ghost, weakling SpWz


Innate Abilities, Weirdness & Mutations

You are very small and have problems with some larger weapons.
You are too small for most types of armour.
You have supernaturally acute eyesight. (SInv)
You are a herbivore.
You cover ground extremely quickly.
You need consume almost no food.


Message History

There is a stone staircase leading up here.
The orc wizard shouts!
You hear a shout! x2
The orc wizard gestures wildly while chanting.
The orc wizard seems to speed up.
There is a stone staircase leading up here.
You climb upwards.
Level annotation: Dowan; Duvessa; Eustachio; Sigmund; equalderp2856's ghost, weakling SpWz
There is a stone staircase leading down here.
A giant cockroach comes into view.
The giant cockroach waves its antennae.
There is a stone staircase leading down here.
You see here a long sword.
Equalderp2856's ghost turns its malevolent gaze towards you.
Equalderp2856's ghost gestures at you while chanting.
The magic dart hits you!
There is an escape hatch in the ceiling here.
Equalderp2856's ghost casts a spell at you.
The magic dart hits you!
Ouch! That really hurt!
You die...

#.....# #W##..#...# #..
#.##### #<###...#5#####..
#.# #Z# #.#........... #.#
#.# #...#.#####..[ #.# #.#
#.#...# ## #.# #.# #...#.#
.. #.# #.# ##..5.# .# #.#
#.# #..### # #.# #@# ##.#
#># ##.## #.# #
#.#########...####Z####.##
#...........)...##........
#.#########...#W##......@.
#.# ##.##.##.####.#. #.#
#.##W#.#.# # #.#
#.....###.. #.#
#####....##..


You could see equalderp2856's ghost and an adder skeleton (wandering).

Vanquished Creatures (others)
  A bat (D:2)
1 creature vanquished.

Notes
Turn   | Place    | Note
-------+----------+-------------------------------------------
     0 | D:1      | equalderp2856 the Spriggan Wizard began the quest for the Orb.
     0 | D:1      | Reached XP level 1. HP: 9/9 MP: 6/6
   103 | D:1      | You fall through a shaft!
   383 | D:4      | Found a white marble altar of Elyvilon.
   396 | D:4      | Became a worshipper of Elyvilon the Healer
   586 | D:3      | Noticed an orc wizard
   586 | D:3      | Noticed an orc priest
   926 | D:3      | Reached * piety under Elyvilon
   949 | D:3      | Found a stormy altar of Qazlal.
   949 | D:3      | Found a shimmering altar of Xom.
  1171 | D:5      | Entered Level 5 of the Dungeon
  1203 | D:5      | Noticed a jelly
  1253 | D:5      | Noticed equalderp2856's ghost (weakling SpWz)
  1259 | D:6      | Found a glowing golden altar of the Shining One.
  1259 | D:6      | Found an iron altar of Okawaru.
  1259 | D:6      | Found a radiant altar of Vehumet.
  1259 | D:6      | Found a shattered altar of Ashenzari.
  1259 | D:6      | Found an opulent altar of Gozag.
  1259 | D:6      | Noticed an orc warrior
  1259 | D:6      | Noticed an orc wizard
  1259 | D:6      | Noticed an orc priest
  1421 | D:5      | Noticed Eustachio
  1482 | D:5      | Noticed an ogre
  1798 | D:1      | Reached ** piety under Elyvilon
  2448 | D:2      | Noticed Jessica
  2902 | D:4      | Noticed tidbits's ghost (amateur DgTm)
  3333 | D:4      | Found a basalt altar of Yredelemnul.
  3478 | D:5      | Noticed a crimson imp
  3496 | D:5      | Noticed Sigmund
  3796 | D:4      | Noticed an ogre
  4582 | D:6      | Noticed a bullfrog
  4635 | D:6      | Found a staircase to the Ecumenical Temple.
  4641 | Temple   | Entered the Ecumenical Temple
  4864 | D:6      | Noticed a centaur
  5215 | D:5      | Found a blossoming altar of Fedhas.
  5215 | D:5      | Noticed an orc wizard
  5216 | D:5      | Noticed an orc wizard
  5556 | D:5      | Noticed Duvessa
  5556 | D:5      | Noticed Dowan
  5802 | D:5      | Killed from afar by equalderp2856's ghost

Action                   || total
-------------------------++-------
Melee: Unarmed           ||     4
Invok: Heal Other        ||    16
  Use: Scroll            ||     7
       Potion            ||     2
  Eat: Fruit             ||     5
Armor: Robe              ||    19
Dodge: Dodged            ||   156
